AoeStats
← Zumoshi

Arabia

505446282Analyzed
1v1 RM · 24d ago on Sep 9, 2026· 31m 51s· 2 players
Game mode
Random Map
Map size
Tiny (2 player)
Population
200
Speed
Normal
Resources
Standard
Victory
Conquest
Starting age
Dark Age
Ending age
Imperial Age
RankedLock teamsTeams togetherTeam positionsShared explorationLock speedFull tech treeHidden civsTurbo modeCheats
Victory
Defeat
🇬🇪 Chinese · Georgia
1167
+15
🇮🇱 Magyars · Israel
1149
-15
Zumoshi
4:53 Loom
9:51 Feudal Age
10:26 Double-Bit Axe
14:49 Scale Barding Armor
15:00 Scale Barding Armor
17:51 Bloodlines
20:40 Horse Collar
23:46 Castle Age
22:10 Fletching
22:20 Gold Mining
23:18 Padded Archer Armor
24:17 Padded Archer Armor
25:03 Bodkin Arrow
26:01 Bow Saw
27:02 Husbandry
29:03 Light Cavalry
kaximchedluri
0:28 Loom
9:09 Feudal Age
10:52 Double-Bit Axe
14:48 Fletching
16:18 Horse Collar
21:08 Castle Age
19:36 Arson
19:54 Gold Mining
20:44 Scale Mail Armor
22:02 Squires
22:21 Chain Mail Armor
22:40 Bow Saw
24:50 Bodkin Arrow
26:54 Wheelbarrow
29:45 Stone Mining
30:05 Padded Archer Armor
Connection lost

Rejoining the realm…

Still unreachable

The connection could not be restored.

Session expired

The server has moved on; the page needs a fresh start.